 Dungeon Sprint DCSS version 0.28-a0-1387-g3a22ab9bdc (webtiles) character file.

Game seed: 13830077956033603113

13638 HallandMoats the End of an Era (level 12, -11/70 HPs)
             Began as a Vine Stalker Monk on Jan 3, 2022.
             Was the Champion of Qazlal.
             Mangled by a frost giant (20 damage)
             ... in the Dungeon (Sprint V: "Ziggurat Sprint").
             The game lasted 00:04:21 (919 turns).

HallandMoats the End of an Era (Vine Stalker Monk)   Turns: 919, Time: 00:04:21

Health: -11/70     AC: 23    Str: 29    XL:     12   Next: 8%
Magic:  0/25       EV:  5    Int: 10    God:    Qazlal [******]
Gold:   0          SH: 39    Dex: 21    Spells: 11/11 levels left

rFire   + + +      SeeInvis +   s - +14 obsidian axe {vorpal, Mesm Drain Fly SInv}
rCold   + + .      Faith    .   t - +18 shield of the Gong {rElec rN+ Will+ EV-5}
rNeg    + . .      Spirit   +   h - +5 gold dragon scales
rPois   +          Reflect  .   b - +0 helmet "Ysean" {-Cast Harm rF+++ Dex+2}
rElec   +          Harm     +   (no cloak)
rCorr   .          Rampage  .   (no gloves)
Will    ++...      NoTele   +   (no boots)
Stlth   .......... NoCast   +   (no amulet)
HPRegen 1.01/turn               x - +6 ring of strength
MPRegen 0.19/turn               y - +6 ring of strength

@: protected from cold, flying, mesmerised, repel missiles
A: fangs 3, regeneration 1, magic shield, antimagic bite, no potion heal 2
a: Renounce Religion, Upheaval, Elemental Force, Disaster Area


You were in the Dungeon.
You worshipped Qazlal.
Qazlal was exalted by your worship.
You visited 1 branch

Inventory:

Hand Weapons
 s - the +14 obsidian axe (weapon) {vorpal, Mesm Drain Fly SInv}
   (You found it in the Dungeon)

   It inflicts extra damage upon your enemies.
   It occasionally summons demons to assist the wielder when it strikes in
   combat.
   Its wielder is mesmerised by any visible foes.
   It cannot be unequipped while any foes are visible.
   SInv:      It lets you see invisible.
   Fly:       It grants you flight.
   Drain:     It drains your maximum health when unequipped.
Armour
 b - the +0 helmet "Ysean" (worn) {-Cast Harm rF+++ Dex+2}
   (You found it in the Dungeon)

   Dex:       It affects your dexterity (+2).
   rF:        It renders you almost immune to fire.
   -Cast:     It prevents spellcasting.
   Harm:      It increases damage dealt and taken.
 h - +5 gold dragon scales (worn)
 t - the +18 shield of the Gong (worn) {rElec rN+ Will+ EV-5}
   (You found it in the Dungeon)

   It is deafeningly noisy when blocking attacks.
   EV:        It affects your evasion (-5).
   rElec:     It insulates you from electricity.
   rN:        It protects you from negative energy.
   Will:      It increases your willpower.
 u - a +0 helmet of see invisible
Jewellery
 x - a +6 ring of strength (left hand)
 y - a +6 ring of strength (right hand)
Scrolls
 a - a scroll of brand weapon
 g - 4 scrolls of blinking
 n - 4 scrolls of amnesia
 o - 7 scrolls of fog
 p - a scroll of holy word
 q - 5 scrolls of identify
 r - 2 scrolls of fear
Potions
 c - 10 potions of curing
 d - 6 potions of haste
 e - 7 potions of magic
 f - 3 potions of berserk rage
 i - 2 potions of brilliance
 j - 2 potions of invisibility
 k - 4 potions of resistance
 m - 5 potions of might


   Skills:
 + Level 11.1 Fighting
 + Level 11.2 Axes
 + Level 9.8 Armour
 + Level 10.2 Dodging
 - Level 2.4 Stealth
 + Level 10.7 Shields
 * Level 16.0 Invocations


You had 11 spell levels left.
You didn't know any spells.
Your spell library contained the following spells:

 Spells                   Type           Power      Damage    Failure   Level
 Freeze                   Ice            0%         1d3       100%        1
 Corpse Rot               Necr/Air       0%         N/A       100%        2
 Frozen Ramparts          Ice            0%         1d2       100%        3
 Dispel Undead            Necr           0%         3d6       100%        4
 Fulminant Prism          Conj/Hex       0%         3d6       100%        4
 Hailstorm                Conj/Ice       0%         3d3       100%        4
 Leda's Liquefaction      Hex/Erth       0%         N/A       100%        4
 Summon Ice Beast         Ice/Summ       0%         N/A       100%        4
 Freezing Cloud           Conj/Ice/Air   0%         6-21      100%        5
 Lee's Rapid Deconstruct  Erth           0%         3d5*      100%        5
 Summon Mana Viper        Hex/Summ       0%         N/A       100%        5
 Death Channel            Necr           0%         N/A       100%        6
 Simulacrum               Ice/Necr       0%         N/A       100%        6
 Statue Form              Tmut/Erth      0%         N/A       100%        6
 Monstrous Menagerie      Summ           0%         N/A       100%        7
 Discord                  Hex            0%         N/A       100%        8
 Polar Vortex             Ice            0%         N/A       100%        9


Dungeon Overview and Level Annotations

Branches:
Dungeon (1/1)

Altars:
Ashenzari
Cheibriados
Dithmenos
Elyvilon
Fedhas
Gozag
Hepliaklqana
Kikubaaqudgha
Makhleb
Nemelex Xobeh
Okawaru
Qazlal
Ru
Sif Muna
Trog
Uskayaw
Vehumet
Wu Jian
Xom
Yredelemnul
Zin
The Shining One
Beogh
Jiyva
Lugonu

Annotations:
D 1 transporter


Innate Abilities, Weirdness & Mutations

You have razor-sharp teeth.
Your natural rate of healing is unusually fast.
When hurt, damage is shared between your health and your magic reserves.
Your bite disrupts and absorbs the magic of your enemies.
Potions cannot restore your health.


Message History

You bite the shard shrike, but do no damage.
The shard shrike is heavily wounded.
The shard shrike claws you but does no damage.
The shard shrike is engulfed in blazing flames.
Found a transporter.
The shard shrike spits a shard of ice at you.
You block the shard of ice.
PANG!
The frost giant gestures at you while chanting.
The bolt of cold hits you! You resist. You block the shard shrike's attack.
PTOANNNG!
The frost giant casts a spell at you. The bolt of cold hits you!! You resist.
You feel protected from cold.
Visions of slaying the frost giant flood into your mind.
The shard shrike spits a shard of ice at you.
You block the shard of ice.
PTOANNNG!
The frost giant hits you but does no damage.
You slash the frost giant! You bite the frost giant!
The frost giant's magic leaks into the air.
You drain its magic.
You feel invigorated.
The frost giant is heavily wounded.
The shard shrike is engulfed in freezing vapours.
You block the shard shrike's attack.
GONNNNG!
The shard shrike is engulfed in freezing vapours.
The frost giant hits you with a +0 battleaxe of freezing!!!
* * * LOW HITPOINT WARNING * * *
The frost giant freezes you.
* * * LOW HITPOINT WARNING * * *
You hit the frost giant. Your bite misses the frost giant.
The frost giant is heavily wounded.
You barely miss the shard shrike.
Visions of slaying the shard shrike flood into your mind.
You block the shard shrike's attack.
GONNNNG!
The frost giant hits you with a +0 battleaxe of freezing!!
You die...

▓.▓.....▓.▓.▓...▓.▓
▓....©....▓...©...▓
▓▓▓▓▓▓▓▓▓▓▓▓▓▓▓▓▓▓▓▓▓
▓...8©8...▓...8©8...▓
▓..=.)=[..▓...)==...▓
▓..)[|}...▓....).[..▓
▓.....○...▓.....)...▓
▓...°C.○≈.▓...)))...▓
▓...§@.°..▓...).)...▓
▓..b≈§°...▓.........▓
▓.≈≈○°....▓.▓.....▓.▓
▓.▓....≈▓.▓....©....▓
▓....©....▓▓▓▓▓▓▓▓▓▓▓
▓▓▓▓▓▓▓▓▓▓▓


You could see a shard shrike (mesmerising) and a frost giant (magic disrupted).

Vanquished Creatures
  A royal mummy (D)
  A deep elf sorcerer (D)
  2 wendigos (D)
  A mummy priest (D)
  A dancing weapon (D)
  A death scarab (D)
  A deep elf knight (D)
  A spriggan druid (D)
  A deep elf pyromancer (D)
  A deep elf zephyrmancer (D)
  3 toenail golems (D)
  2 gargoyles (D)
  A hellion (D)
  A rime drake (D)
  A freezing wraith (D)
  2 guardian mummies (D)
  3 spriggans (D)
  3 nagas (D)
  A swamp drake (D)
  3 orc warriors (D)
  2 wolves (D)
  2 scorpions (D)
  2 earth elementals (D)
  An orc priest (D)
  2 iguanas (D)
  2 orc wizards (D)
  A mummy (D)
  3 adders (D)
  An adder simulacrum (D)
  2 orcs (D)
  2 ball pythons (D)
  A bat simulacrum (D)
  A giant cockroach simulacrum (D)
  A quokka simulacrum (D)
  A quokka skeleton (D)
55 creatures vanquished.

Vanquished Creatures (collateral kills)
  A steam dragon (D)
  A naga (D)
  A water moccasin (D)
  A swamp drake (D)
  An earth elemental (D)
  2 scorpions (D)
  An orc wizard (D)
8 creatures vanquished.

Grand Total: 63 creatures vanquished

Notes
Turn   | Place    | Note
-------+----------+-------------------------------------------
     0 | D        | HallandMoats the Vine Stalker Monk began the quest for the
                  | Orb.
     0 | D        | Reached XP level 1. HP: 11/11 MP: 2/2
     5 | D        | Found a shimmering blue altar of Sif Muna.
     5 | D        | Found a sacrificial altar of Ru.
     5 | D        | Found a bloodstained altar of Trog.
     5 | D        | Found a stormy altar of Qazlal.
     5 | D        | Found an iron altar of Okawaru.
     5 | D        | Found a sparkling altar of Nemelex Xobeh.
     5 | D        | Found a blossoming altar of Fedhas.
     5 | D        | Found the +6 Majin-Bo {vamp, MP+6 Int+6}
     5 | D        | Found the +9 heavy crossbow "Sniper" {vorpal, Acc+∞ SInv}
     5 | D        | Found the +10 dark maul {vorpal}
     5 | D        | Found the +15 Maxwell's patent armour {-Cast -Tele rElec
                  | Will+ rCorr}
     5 | D        | Found the +18 shield of the Gong {rElec rN+ Will+ EV-5}
     5 | D        | Found the +14 obsidian axe {vorpal, Mesm Drain Fly SInv}
     5 | D        | Found the +7 great mace "Firestarter" {inner flame, rF++}
     5 | D        | Found the +6 shillelagh "Devastator" {shatter}
     5 | D        | Found the +11 plutonium sword {Contam Stlth-}
     5 | D        | Found the +8 lance "Wyrmbane" {slay drac, rPois rF+ rC+
                  | AC+3}
     5 | D        | Found the +9 sword of Zonguldrok {reap}
     5 | D        | Found the +13 scythe of Curses {drain, Drain}
     5 | D        | Found the +5 sword of Power {vorpal}
     5 | D        | Found the +7 mace of Variability {chain chaos}
     5 | D        | Found the +7 Singing Sword {vorpal, sonic wave}
     5 | D        | Found the +8 storm bow {elec, penet}
     7 | D        | Found a transporter.
     7 | D        | Found an ancient bone altar of Kikubaaqudgha.
     7 | D        | Found a viscous altar of Jiyva.
     7 | D        | Found a corrupted altar of Lugonu.
     7 | D        | Found a hazy altar of Hepliaklqana.
     7 | D        | Found a burning altar of Makhleb.
     7 | D        | Found an opulent altar of Gozag.
    45 | D        | Reached skill level 3 in Invocations
    45 | D        | Reached XP level 2. HP: 17/17 MP: 2/5
    50 | D        | Became a worshipper of Qazlal Stormbringer
    50 | D        | Reached * piety under Qazlal
    50 | D        | Reached ** piety under Qazlal
    86 | D        | Entered arena 2.
    86 | D        | Found a transporter.
    89 | D        | Reached skill level 4 in Invocations
    89 | D        | Reached XP level 3. HP: 21/21 MP: 5/7
    92 | D        | Gained mutation: Your natural rate of healing is unusually
                  | fast. [Vine Stalker growth]
    92 | D        | Reached XP level 4. HP: 25/25 MP: 6/8
    97 | D        | Entered arena 3.
    97 | D        | Found the +8 mithril axe "Arga" {speed, Will+}
    97 | D        | Noticed a swamp drake
    97 | D        | Noticed a rime drake
    97 | D        | Noticed a steam dragon
    97 | D        | Found a transporter.
   101 | D        | Killed a rime drake
   101 | D        | Killed a swamp drake
   101 | D        | Reached *** piety under Qazlal
   102 | D        | Reached skill level 5 in Fighting
   102 | D        | Reached skill level 5 in Axes
   102 | D        | Reached skill level 5 in Dodging
   102 | D        | Reached skill level 7 in Invocations
   102 | D        | Reached XP level 5. HP: 29/32 MP: 5/11
   102 | D        | Reached XP level 6. HP: 33/36 MP: 5/12
   102 | D        | Killed a steam dragon
   103 | D        | Reached skill level 5 in Shields
   103 | D        | Reached skill level 8 in Invocations
   103 | D        | Reached XP level 7. HP: 38/40 MP: 6/14
   161 | D        | Entered arena 4.
   161 | D        | Noticed a naga
   161 | D        | Found a transporter.
   167 | D        | Killed a naga
   167 | D        | Reached **** piety under Qazlal
   168 | D        | Reached skill level 5 in Armour
   168 | D        | Reached skill level 9 in Invocations
   175 | D        | Entered arena 5.
   175 | D        | Found a transporter.
   178 | D        | Gained mutation: You have razor-sharp teeth. [Vine Stalker
                  | growth]
   178 | D        | Reached XP level 8. HP: 45/45 MP: 15/15
   184 | D        | Entered arena 6.
   184 | D        | Noticed a +0 antimagic halberd
   184 | D        | Noticed a deep elf knight
   184 | D        | Noticed a deep elf pyromancer
   184 | D        | Noticed a deep elf sorcerer
   184 | D        | Noticed a deep elf zephyrmancer
   184 | D        | Found a transporter.
   186 | D        | Killed a deep elf zephyrmancer
   187 | D        | Reached skill level 10 in Invocations
   188 | D        | Killed a deep elf pyromancer
   188 | D        | Reached ***** piety under Qazlal
   189 | D        | Reached XP level 9. HP: 36/50 MP: 13/18
   194 | D        | Killed a deep elf sorcerer
   195 | D        | Reached skill level 11 in Invocations
   195 | D        | Killed a deep elf knight
   196 | D        | Reached skill level 12 in Invocations
   203 | D        | Killed a +0 antimagic halberd
   204 | D        | Reached XP level 10. HP: 5/57 MP: 0/20
   627 | D        | Entered arena 7.
   627 | D        | Noticed a spriggan druid
   628 | D        | Found a transporter.
   637 | D        | Killed a spriggan druid
   638 | D        | Reached skill level 13 in Invocations
   647 | D        | Entered arena 8.
   648 | D        | Found a transporter.
   650 | D        | Reached ****** piety under Qazlal
   768 | D        | Entered arena 9.
   768 | D        | Noticed a mummy priest
   768 | D        | Noticed a death scarab
   768 | D        | Noticed a royal mummy
   769 | D        | Killed a mummy priest
   769 | D        | Killed a death scarab
   770 | D        | Reached skill level 14 in Invocations
   770 | D        | Reached XP level 11. HP: 38/63 MP: 8/22
   770 | D        | Found a transporter.
   774 | D        | Noticed a death scarab
   782 | D        | Killed a royal mummy
   783 | D        | Reached skill level 10 in Fighting
   783 | D        | Reached skill level 10 in Axes
   845 | D        | Entered arena 10.
   846 | D        | Found a transporter.
   849 | D        | Reached skill level 10 in Shields
   849 | D        | Reached skill level 15 in Invocations
   858 | D        | Got Sif Muna's Disquisition on Malediction
   881 | D        | Entered arena 11.
   882 | D        | Found a transporter.
   893 | D        | Got the +0 helmet "Ysean" {-Cast Harm rF+++ Dex+2}
   897 | D        | Got the ring of Riahot {Fire Dex+5}
   909 | D        | Entered arena 12.
   909 | D        | Noticed a wendigo
   909 | D        | Noticed a shard shrike
   909 | D        | Noticed a wendigo
   911 | D        | Killed a wendigo
   911 | D        | Killed a wendigo
   912 | D        | Reached skill level 10 in Dodging
   912 | D        | Reached skill level 16 in Invocations
   912 | D        | Reached XP level 12. HP: 70/70 MP: 7/25
   912 | D        | Noticed a frost giant
   915 | D        | Found a transporter.
   919 | D        | Mangled by a frost giant

Illustrated notes

Levels and vault maps discovered:
D:        sprint_v [room_start, room_1, room_2, room_3, room_4, room_5, room_6,
          room_7, room_8, room_9, room_10, room_11, room_12, room_13, room_14,
          room_15, room_16, room_17, room_18, room_19, room_20, room_21,
          room_22, room_23, room_24, room_25, room_26, room_27]

Skill      XL: |  1  2  3  4  5  6  7  8  9 10 11 |
---------------+----------------------------------+-----
Fighting       | 3 4 5 6 7 8 9 11 | 11.1
Axes           | 3 4 5 6 7 8 9 11 | 11.2
Armour         | 2 4 5 6 7 8 9 |  9.8
Dodging        | 3 5 6 7 9 10 | 10.2
Shields        | 2 4 5 6 8 9 10 | 10.7
Invocations    | 3 4 7 8 9 10 12 14 16 | 16.0
Stealth        | |  2.4

Action                   |  1- 3 |  4- 6 |  7- 9 | 10-12 || total
-------------------------+-------+-------+-------+-------++-------
Melee: Broad axe         |     4 |     3 |    19 |    37 ||    63
       Bite              |     1 |     2 |     7 |    17 ||    27
Invok: Disaster Area     |       |       |       |     4 ||     4
  Use: Potion            |     1 |       |       |       ||     1
Armor: Gold dragon scale |       |     2 |    12 |    11 ||    25
Dodge: Dodged            |       |       |       |     3 ||     3
Block: Kite shield       |     7 |    10 |    45 |    70 ||   132

Table legend: (Time is in decaauts)
 A = Elapsed time spent in this place.
 B = Non-inter-level travel time spent in this place.
 C = Inter-level travel time spent in this place.
 D = Time resting spent in this place.
 E = Time spent auto-exploring this place.
 F = Levels seen in this place.
 G = Mean time per level.
                   A        B        C        D        E       F      G
               +--------+--------+--------+--------+--------+-----+--------+
         Total |    940 |    940 |      0 |    667 |      0 |   1 |  940.0 |
       Dungeon |    940 |    940 |      0 |    667 |      0 |   1 |  940.0 |
               +--------+--------+--------+--------+--------+-----+--------+

Top non-repeatable levels by time:
       D: 940 daAuts
